 Dungeon Crawl Stone Soup version 0.29.1-15-g9cfb28693d (webtiles) character file.

Game seed: 12637653959129050185

2168 promet the Cleaver (level 9, 0/79 HPs)
             Began as a Minotaur Fighter on Feb 23, 2023.
             Slain by a human
             ... wielding a +0 vorpal hand axe
              (9 damage)
             ... on level 7 of the Dungeon.
             The game lasted 00:27:31 (5974 turns).

promet the Cleaver (Minotaur Fighter)               Turns: 5974, Time: 00:27:31

Health: 0/79       AC: 17    Str: 30    XL:     9   Next: 10%
Magic:  8/8        EV:  8    Int:  7    God:
Gold:   224        SH:  0    Dex:  9    Spells: 8/8 levels left

rFire   . . .      SeeInvis .   a - +1 war axe
rCold   . . .      Faith    .   (no shield)
rNeg    . . .      Spirit   .   m - +0 plate armour
rPois   .          Reflect  .   (helmet restricted)
rElec   .          Harm     .   (no cloak)
rCorr   .          Rampage  .   n - +2 pair of gloves
Will    .....                   (no boots)
Stlth   ..........              (no amulet)
HPRegen 0.23/turn               r - +6 ring of strength
MPRegen 0.11/turn               (no ring)

@: no status effects
A: horns 2, retaliatory headbutt
a: no special abilities


You were on level 7 of the Dungeon.
You visited 1 branch of the dungeon, and saw 7 of its levels.
You also visited: Bailey.

You collected 224 gold pieces.

Inventory:

Hand Weapons
 a - a +1 war axe (weapon)
 b - a +0 arbalest
 j - a +2 dagger of venom
 y - a +0 rapier
Missiles
 c - 6 boomerangs (quivered)
 g - 38 stones
 u - a throwing net
 w - 10 poisoned darts
Armour
 m - a +0 plate armour (worn)
 n - a +2 pair of gloves (worn)
Jewellery
 r - a +6 ring of strength (left hand)
Wands
 p - a wand of roots (5)
Scrolls
 d - a scroll of poison
 k - 2 scrolls of magic mapping
 B - a scroll of butterflies
Potions
 e - 2 potions of attraction
 i - a potion of haste
 l - a potion of lignification {unknown}
 o - 2 potions of curing
 t - 2 potions of ambrosia
 A - 2 potions of degeneration {unknown}


   Skills:
 + Level 7.0 Fighting
 + Level 9.2 Axes
 + Level 1.2 Ranged Weapons
 + Level 2.0 Throwing
 + Level 8.7 Armour
 + Level 1.5 Dodging
 + Level 1.0 Stealth
 + Level 4.2 Shields
 + Level 1.4 Evocations


You had 8 spell levels left.
You didn't know any spells.
Your spell library contained the following spells:

 Spells                   Type           Power      Damage    Failure   Level
 Apportation              Tloc           0%         N/A       98%         1
 Necrotise                Necr           0%         1d4       98%         1
 Summon Small Mammal      Summ           0%         N/A       98%         1
 Ensorcelled Hibernation  Hex/Ice        0%         N/A       99%         2
 Passwall                 Tmut/Erth      0%         N/A       99%         2
 Swiftness                Air            0%         N/A       100%        3


Dungeon Overview and Level Annotations

Branches:
Dungeon (7/15)             Bailey (visited)
 Temple: D:4-7

Altars:

Shops:
D:3 [

Annotations:
D:3 3 runed translucent doors, yourfavgirlally's ghost, weakling DrAr


Innate Abilities, Weirdness & Mutations

You have a pair of horns on your head.
You reflexively headbutt those who attack you in melee.


Message History

The human is moderately wounded.
You slash the human! The human hits you but does no damage.
The human hits you with a +0 vorpal hand axe!
The human attacks as you move away! The human barely misses you.
You see here a bullfrog corpse.
The human attacks as you move away! The human barely misses you.
There is a gate leading back out of this place here.
The human hits you with a +0 vorpal hand axe.
Welcome back to the Dungeon!
There is an empty arch of ancient stone here.
You closely miss the human.
The human is moderately wounded.
The human hits you with a +0 vorpal hand axe!
* * * LOW HITPOINT WARNING * * *
x2 The human hits you but does no damage.
You hit the human but do no damage.
The human is moderately wounded.
The human hits you with a +0 vorpal hand axe!
* * * LOW HITPOINT WARNING * * *
x2
Press: ? - help, v - describe, . - travel
Here: a human, wielding a +0 vorpal hand axe and wearing a +0 scale mail (lightly wounded)
The floor.
Throw: dart (atropa)
Press: ? - help, Q - select action, (/) - cycle Shift-Dir - straight line, f - human
Aim: a human, wielding a +0 vorpal hand axe and wearing a +0 scale mail (lightly wounded, 51% to hit, chance to blind on hit: 35%)
You throw an atropa-tipped dart. The atropa-tipped dart hits the human.
The human resists.
The human is lightly wounded.
The human hits you with a +0 vorpal hand axe.
* * * LOW HITPOINT WARNING * * *
x2 You slash the human!
Your headbutt misses the human.
The human is heavily wounded.
The human hits you but does no damage.
You barely miss the human.
The human is heavily wounded.
The human closely misses you.
You hit the human but do no damage.
The human is heavily wounded.
The human hits you with a +0 vorpal hand axe!
You die...

########### ##.........#
##..≈≈~≈≈.|.#
#...≈.p.≈.#.######
#####...~.@.~......÷<#
#..####.......≈.>.≈.#.######
#......)......≈≈~≈≈...#
..####.............#.#
#.#####.)).........##.###
..>....)..........'.....#
#.######)##.......#######
#)##.......# #)##########


You could see a human.

Vanquished Creatures
  Grinder (D:3)
  A water moccasin (D:7)
  An orc warrior (D:7)
  2 ice beasts
  3 ogres
  4 bullfrogs (Bailey)
  6 scorpions
  A necrophage (D:6)
  2 howler monkeys (D:7)
  A jelly (D:4)
  3 hounds (D:5)
  3 orc priests
  2 iguanas
  4 orc wizards
  8 gnolls
  8 adders
  An ufetubus (D:5)
  A worm (D:4)
  2 dart slugs
  10 orcs
  5 endoplasms
  A giant cockroach (D:1)
  6 hobgoblins
  14 kobolds
  2 quokkas
  5 ball pythons
  5 bats
  5 frilled lizards
  15 goblins
  3 rats
125 creatures vanquished.

Vanquished Creatures (others)
  A plant (D:1)
1 creature vanquished.

Grand Total: 126 creatures vanquished

Notes
Turn   | Place    | Note
-------+----------+-------------------------------------------
     0 | D:1      | promet the Minotaur Fighter began the quest for the Orb.
     0 | D:1      | Reached XP level 1. HP: 19/19 MP: 0/0
   105 | D:1      | Found a faded altar of an unknown god.
   229 | D:1      | Reached XP level 2. HP: 27/27 MP: 1/1
   791 | D:2      | Reached skill level 3 in Axes
   795 | D:2      | Reached XP level 3. HP: 33/33 MP: 2/2
  1138 | D:2      | Reached XP level 4. HP: 35/40 MP: 3/3
  1730 | D:3      | Found Jizygem's Antique Armour Shop.
  1803 | D:3      | Identified the +6 short sword of Podeoclenia {elec, Will+
                  | Str+3 Int+4 Dex-3}
  1803 | D:3      | Identified the +5 ring mail "Qoudop" {Int+4}
  1805 | D:3      | Found a runed translucent gate.
  1805 | D:3      | Noticed yourfavgirlally's ghost (weakling DrAr)
  2081 | D:3      | Found a runed translucent gate.
  2081 | D:3      | Found a runed translucent gate.
  2104 | D:3      | Noticed a scorpion
  2114 | D:3      | Killed a scorpion
  2115 | D:3      | Reached skill level 4 in Axes
  2115 | D:3      | Reached skill level 1 in Dodging
  2115 | D:3      | Reached XP level 5. HP: 47/47 MP: 4/4
  2233 | D:3      | Reached skill level 5 in Armour
  2333 | D:3      | Noticed Grinder
  2338 | D:3      | Paralysed by Grinder for 3 turns
  2355 | D:3      | Killed Grinder
  2356 | D:3      | Reached skill level 5 in Axes
  2356 | D:3      | Reached skill level 1 in Evocations
  2356 | D:3      | Reached XP level 6. HP: 55/55 MP: 5/5
  3008 | D:4      | Reached skill level 6 in Axes
  3210 | D:4      | Reached skill level 5 in Fighting
  3210 | D:4      | Reached XP level 7. HP: 60/61 MP: 6/6
  3779 | D:5      | Entered Level 5 of the Dungeon
  3863 | D:5      | Reached skill level 7 in Axes
  4113 | D:5      | Reached skill level 1 in Ranged Weapons
  4311 | D:5      | Reached XP level 8. HP: 69/69 MP: 7/7
  4761 | D:5      | Reached skill level 8 in Axes
  4904 | D:6      | Reached skill level 1 in Stealth
  5611 | D:7      | Found a flagged portal.
  5704 | D:7      | Reached skill level 1 in Throwing
  5724 | D:7      | Reached skill level 9 in Axes
  5916 | Bailey   | Entered a bailey
  5928 | Bailey   | Reached XP level 9. HP: 74/78 MP: 8/8
  5974 | D:7      | Slain by a human

Illustrated notes

Levels and vault maps discovered:
D:1:      tarquinn_simple_flora_water_e, layout_rooms,
          shapermc_ecumenical_altar_starsandcircs, minmay_misc_feat_iff
D:2:      layout_loops_corners
D:3:      layout_loops_ring, biasface_ghost_orc_armoury, serial_shops,
          nicolae_shop_crystal, uniq_grinder
D:4:      layout_loops_corners, chequers_serial_rivers_micro_c,
          chequers_serial_rivers_micro_c, minmay_goblin_kobold_house
D:5:      layout_cave_pools
D:6:      layout_loops_ring
D:7:      layout_basic, temple_fountains, serial_glass, glass_columns_a,
          glass_columns_a, enter_bailey_5, uniq_menkaure

Skill      XL: |  1  2  3  4  5  6  7  8  9 |
---------------+----------------------------+-----
Armour         | 4 5 6 8 |  8.7
Fighting       | 4 5 6 7 |  7.0
Axes           | 3 4 5 6 7 9 |  9.2
Shields        | 4 |  4.2
Dodging        | 1 |  1.5
Evocations     | 1 |  1.4
Ranged Weapons | 1 |  1.2
Stealth        | 1 |  1.0
Throwing       | 2 |  2.0

Action                   |  1- 3 |  4- 6 |  7- 9 || total
-------------------------+-------+-------+-------++-------
Melee: War axe           |    47 |    95 |   202 ||   344
       Headbutt          |     8 |    14 |    26 ||    48
       Punch             |       |     1 |     1 ||     2
 Fire: Arbalest          |       |     7 |     2 ||     9
Throw: Stone             |       |       |     5 ||     5
       Dart              |       |       |    10 ||    10
       Throwing net      |       |       |     1 ||     1
Evoke: Wand              |       |     5 |     1 ||     6
  Use: Scroll            |     3 |     2 |     7 ||    12
       Potion            |       |     2 |     4 ||     6
Armor: Scale mail        |    18 |    19 |       ||    37
       Plate armour      |       |    31 |   129 ||   160
Dodge: Dodged            |    22 |    38 |    62 ||   122
Block: Buckler           |     4 |    15 |       ||    19
